 Dungeon Crawl Stone Soup version 0.27.1-34-g3ba077fa99 (webtiles) character file.

Game seed: 7898665141531886580

2718 alasdair19 the Carver (level 9, -10/79 HPs)
             Began as a Minotaur Fighter on Feb 2, 2022.
             Was an Initiate of Okawaru.
             Mangled by a two-headed ogre (22 damage)
             ... on level 7 of the Dungeon.
             The game lasted 00:15:33 (6520 turns).

alasdair19 the Carver (Minotaur Fighter)            Turns: 6520, Time: 00:15:34

Health: -10/79     AC: 12    Str: 23    XL:     9   Next: 39%
Magic:  9/9        EV:  7    Int:  6    God:    Okawaru [......]
Gold:   302        SH: 11    Dex: 10    Spells: 8/8 levels left

rFire    . . .     SeeInvis .   e - +0 falchion
rCold    . . .     Faith    .   c - +0 kite shield
rNeg     . . .     Spirit   .   p - +0 chain mail
rPois    .         Reflect  .   (helmet restricted)
rElec    .         Harm     .   f - +0 cloak
rCorr    .         Rampage  .   (no gloves)
Will     .....                  (no boots)
Stlth    ..........             y - amulet of regeneration
HPRegen  1.23/turn              (no ring)
MPRegen  0.11/turn              (no ring)

@: no status effects
A: horns 2, retaliatory headbutt
a: Renounce Religion


You were on level 7 of the Dungeon.
You worshipped Okawaru.
Okawaru was noncommittal.
You visited 2 branches of the dungeon, and saw 8 of its levels.

You collected 386 gold pieces.
You spent 84 gold pieces at shops.

Inventory:

Hand Weapons
 e - a +0 falchion (weapon)
 q - a +1 hunting sling
 A - a +0 long sword
Missiles
 d - 64 sling bullets
 v - 6 silver javelins (quivered)
Armour
 c - a +0 kite shield (worn)
 f - a +0 cloak (worn)
 p - a +0 chain mail (worn)
Jewellery
 i - a ring of flight
 j - a ring of ice
 n - an amulet of guardian spirit
 s - a ring of willpower
 u - a ring of ice
 x - a +6 ring of intelligence
 y - an amulet of regeneration (around neck)
Wands
 z - a wand of iceblast (14)
Scrolls
 a - a scroll of summoning {unknown}
 g - a scroll of fear {unknown}
 h - 2 scrolls of enchant weapon
 k - a scroll of amnesia {unknown}
 m - a scroll of teleportation
Potions
 b - 2 potions of heal wounds
 l - 2 potions of curing
 o - 2 potions of berserk rage
 r - a potion of magic
 t - a potion of attraction
 w - 2 potions of haste


   Skills:
 + Level 7.0 Fighting
 + Level 8.8 Long Blades
 + Level 5.4 Slings
 + Level 7.6 Armour
 - Level 1.0 Dodging
 + Level 7.4 Shields
 * Level 1.3 Invocations


You had 8 spell levels left.
You didn't know any spells.
Your spell library contained the following spells:

 Spells                   Type           Power      Damage    Failure   Level
 Animate Skeleton         Necr           0%         N/A       100%        1
 Apportation              Tloc           0%         N/A       100%        1
 Corona                   Hex            0%         N/A       100%        1
 Summon Small Mammal      Summ           0%         N/A       100%        1
 Passwall                 Tmut/Erth      0%         N/A       100%        2
 Ozocubu's Armour         Ice            0%         N/A       100%        3
 Swiftness                Air            0%         N/A       100%        3
 Invisibility             Hex            0%         N/A       100%        6
 Ozocubu's Refrigeration  Ice            0%         4d5       100%        7


Dungeon Overview and Level Annotations

Branches:
Dungeon (7/15)             Temple (1/1) D:6

Altars:
Dithmenos
Fedhas
Hepliaklqana
Kikubaaqudgha
Makhleb
Okawaru
Qazlal
Ru
Trog
Vehumet
Wu Jian

Shops:
D:5 ?


Innate Abilities, Weirdness & Mutations

You have a pair of horns on your head.
You reflexively headbutt those who attack you in melee.


Message History

You shoot a sling bullet.
The sling bullet hits the two-headed ogre!
The two-headed ogre is lightly wounded.
Fire: 66 sling bullets
Press: ? - help, Q - select action, (/) - cycle Shift-Dir - straight line, f/p - two-headed ogre
Aim: a two-headed ogre, wielding two +0 giant clubs (lightly wounded, 77% to hit)
You shoot a sling bullet.
The sling bullet hits the two-headed ogre!
The two-headed ogre is moderately wounded.
Fire: 65 sling bullets
Press: ? - help, Q - select action, (/) - cycle Shift-Dir - straight line, f/p - two-headed ogre
Aim: a two-headed ogre, wielding two +0 giant clubs (moderately wounded, 77% to hit)
You shoot a sling bullet.
The sling bullet barely misses the two-headed ogre.
e - a +0 falchion (weapon)
You completely miss the two-headed ogre.
The two-headed ogre is moderately wounded.
The two-headed ogre hits you with a +0 giant club.
The two-headed ogre hits you with a +0 giant club!!
You hit the two-headed ogre. You headbutt the two-headed ogre.
The two-headed ogre is heavily wounded.
You barely miss the two-headed ogre.
The two-headed ogre is heavily wounded.
The two-headed ogre hits you with a +0 giant club!!
The two-headed ogre hits you with a +0 giant club.
You hit the two-headed ogre.
The two-headed ogre is heavily wounded.
You block the two-headed ogre's attack. The two-headed ogre barely misses you.
You slash the two-headed ogre!
The two-headed ogre is severely wounded.
You hit the two-headed ogre. You headbutt the two-headed ogre!
The two-headed ogre is almost dead.
The two-headed ogre hits you with a +0 giant club!
You block the two-headed ogre's attack.
You hit the two-headed ogre.
The two-headed ogre is almost dead.
The two-headed ogre hits you with a +0 giant club!
* * * LOW HITPOINT WARNING * * *
The two-headed ogre hits you with a +0 giant club!!
You die...

#..........#
####[#####.# #.#
#[# ## #)# .. #.#
#. #)### #.
#...###.#.########.
#.#.......@<.......
#.#.###.#O#####.#..
#.#.# #. .#... #( #
#.# #( .# #( .# #(
#.


You could see a two-headed ogre.

Vanquished Creatures
  A steam dragon (D:7)
  Edmund (D:4)
  A sky beast (D:5)
  2 ice beasts
  A necrophage (D:4)
  5 ogres
  3 black bears
  4 phantoms
  Blork the orc (D:4)
  2 bullfrogs
  A wyvern zombie (D:6)
  2 water moccasin skeletons (D:4)
  A howler monkey (D:4)
  2 hounds (D:6)
  Crazy Yiuf (D:4)
  2 orc priests
  3 centaur skeletons
  A jelly (D:6)
  A bullfrog skeleton (D:5)
  Jessica (D:3)
  2 iguanas
  5 orc wizards
  5 adders
  4 shadow imps
  2 white imps
  An ufetubus (D:4)
  An adder skeleton (D:2)
  2 worms
  2 dart slugs
  19 orcs
  9 ball pythons
  9 endoplasms
  6 giant cockroaches
  3 goblins (D:1)
  9 hobgoblins
  10 jackals
  6 kobolds
  2 bats
  3 frilled lizards
  A quokka skeleton (D:4)
  4 rats
141 creatures vanquished.

Notes
Turn   | Place    | Note
-------+----------+-------------------------------------------
     0 | D:1      | alasdair19 the Minotaur Fighter began the quest for the
                  | Orb.
     0 | D:1      | Reached XP level 1. HP: 19/19 MP: 0/0
    93 | D:1      | Reached XP level 2. HP: 27/27 MP: 1/1
   474 | D:1      | Reached XP level 3. HP: 34/34 MP: 2/2
   480 | D:1      | Found a faded altar of an unknown god.
   697 | D:2      | Reached skill level 3 in Long Blades
  1303 | D:3      | Reached XP level 4. HP: 41/41 MP: 3/3
  1631 | D:3      | Found a shadowy altar of Dithmenos.
  1817 | D:3      | Noticed Jessica
  1821 | D:3      | Killed Jessica
  2074 | D:3      | Found a sacrificial altar of Ru.
  2242 | D:4      | Reached skill level 4 in Long Blades
  2242 | D:4      | Reached skill level 1 in Dodging
  2242 | D:4      | Reached XP level 5. HP: 33/47 MP: 4/4
  2268 | D:4      | Reached skill level 1 in Slings
  2654 | D:4      | Found a runed translucent door.
  2655 | D:4      | Noticed Crazy Yiuf
  2678 | D:4      | Noticed a necrophage
  2692 | D:4      | Killed a necrophage
  2693 | D:4      | Reached skill level 5 in Fighting
  2693 | D:4      | Reached XP level 6. HP: 54/56 MP: 5/5
  2744 | D:4      | Reached skill level 5 in Long Blades
  2744 | D:4      | Reached skill level 5 in Shields
  2868 | D:4      | Reached skill level 5 in Armour
  2870 | D:4      | Noticed Edmund
  2883 | D:4      | Killed Edmund
  2884 | D:4      | Reached XP level 7. HP: 48/61 MP: 4/6
  2954 | D:4      | Found a bloodstained altar of Trog.
  3319 | D:4      | Reached skill level 6 in Long Blades
  3454 | D:4      | Noticed Blork the orc
  3469 | D:4      | Killed Blork the orc
  4046 | D:4      | Killed Crazy Yiuf
  4118 | D:5      | Entered Level 5 of the Dungeon
  4300 | D:5      | Found Tiujyugh's Magic Scroll Emporium.
  4310 | D:5      | Bought a scroll of identify for 28 gold pieces
  4310 | D:5      | Bought a scroll of identify for 28 gold pieces
  4310 | D:5      | Bought a scroll of identify for 28 gold pieces
  4375 | D:5      | Reached XP level 8. HP: 55/70 MP: 4/7
  4747 | D:5      | Reached skill level 7 in Long Blades
  5026 | D:5      | You fall into a shaft and drop 1 floor!
  5155 | D:5      | Found an ancient bone altar of Kikubaaqudgha.
  5169 | D:5      | Found a radiant altar of Vehumet.
  5508 | D:6      | Reached skill level 8 in Long Blades
  5637 | D:6      | Reached XP level 9. HP: 78/78 MP: 8/8
  5752 | D:6      | Reached skill level 5 in Slings
  5805 | D:6      | Found a staircase to the Ecumenical Temple.
  5816 | Temple   | Entered the Ecumenical Temple
  5857 | Temple   | Became a worshipper of Warmaster Okawaru
  6320 | D:7      | Reached skill level 1 in Invocations
  6508 | D:7      | Noticed a two-headed ogre
  6520 | D:7      | Mangled by a two-headed ogre

Illustrated notes

Levels and vault maps discovered:
D:1:      wander_arrival_chamber, layout_rooms,
          hellmonk_ecumenical_altar_run_dry
D:2:      layout_rooms, minivault_11
D:3:      layout_basic, overflow_temple_1_default,
          mainiacjoe_overflow_six_doors_small, minmay_statues_item, uniq_jessica
D:4:      mumra_celtic_spiral_tile, layout_basic, old_standard_altar,
          uniq_blork_the_orc, uniq_crazy_yiuf_cottage, uniq_edmund
D:5:      layout_loops_ring, mainiacjoe_overflow_swirl, serial_shops,
          kennysheep_little_box
D:6:      layout_basic, minmay_temple_entry_poolview, kennysheep_generic_room_14
D:7:      layout_loops_ring, doesnt_xom_only_xom
Temple:   jpeg_temple_alley_garden

Skill      XL: |  1  2  3  4  5  6  7  8  9 |
---------------+----------------------------+-----
Fighting       | 4 5 6 7 |  7.0
Armour         | 4 5 6 7 |  7.6
Long Blades    | 3 4 5 6 8 |  8.8
Shields        | 4 5 6 7 |  7.4
Dodging        | 1 |  1.0
Slings         | 1 2 3 4 5 |  5.4
Invocations    | 1 |  1.3

Action                   |  1- 3 |  4- 6 |  7- 9 || total
-------------------------+-------+-------+-------++-------
Melee: Long sword        |    83 |    83 |   255 ||   421
       Headbutt          |    10 |    17 |    59 ||    86
       Falchion          |       |       |     7 ||     7
 Fire: Hunting sling     |       |    10 |    48 ||    58
Throw: Javelin           |       |       |     1 ||     1
  Use: Potion            |       |     1 |     1 ||     2
       Scroll            |       |       |    11 ||    11
Armor: Scale mail        |    41 |       |       ||    41
       Chain mail        |       |    25 |   132 ||   157
Dodge: Dodged            |    26 |    14 |    76 ||   116
Block: Kite shield       |    46 |    46 |   135 ||   227
       Rpst.: Long sword |     5 |     2 |    21 ||    28
